 Dungeon Sprint DCSS version 0.31-a0-66-ge618eeaa78 (webtiles) character file.

Game seed: 6928064558602335038

0 sircluck the Ruffian (level 1, 0/33 HPs)
             Began as a Troll Berserker on May 22, 2023.
             Was a Follower of Trog.
             Slain by a vampire mosquito (1 damage)
             ... in the Dungeon (Sprint VII: "The Pits").
             The game lasted 00:00:08 (17 turns).

sircluck the Ruffian (Troll Berserker)                Turns: 17, Time: 00:00:08

Health: 0/33       AC:  4    Str: 24    XL:     1   Next: 0%
Magic:  0/0        EV: 10    Int:  3    God:    Trog [*.....]
Gold:   0          SH:  0    Dex:  9    Spells: 0/0 levels left

rFire   . .          .
                       - Unarmed
rCold   . . .        (no shield)
rNeg    . . .        a - +0 animal skin
rPois   .            (helmet restricted)
rElec   .            (no cloak)
rCorr   .            (gloves unavailable)
SInv    .            (boots unavailable)
Will    .....        (no amulet) Stlth
                     (no ring)
HPRegen 1.05/turn    (no ring)
MPRegen 0.07/turn

%: no teleportation
@: berserking, very quick
A: large, unfitting armour, claws 3, regeneration 1, shaggy fur 1, tough skin 1
a: Renounce Religion, Berserk


You were in the Dungeon.
You worshipped Trog.
Trog was aware of your devotion.
You visited 1 branch

Inventory:

Armour
 a - a +0 animal skin (worn)
Scrolls
 g - a scroll of blinking
Potions
 b - a potion of curing
 c - a potion of heal wounds
 d - a potion of haste
 e - 2 potions of magic
 f - a potion of berserk rage


   Skills:
 + Level 2.4 Fighting
 + Level 2.4 Dodging
 + Level 3.0 Unarmed Combat


You couldn't memorise any spells.
You didn't know any spells.
Your spell library was empty.

Dungeon Overview and Level Annotations

Branches:
Dungeon (1/1)

Altars:


Innate Abilities, Weirdness & Mutations

You are too large for most types of armour.
You have claws for hands.
Your natural rate of healing is unusually fast.
You are covered in fur. (AC +1)
You have tough skin. (AC +1)


Message History

Trog says: Kill them all!
Press ? for a list of commands and other information.
Found a staircase leading out of the dungeon.
You open the door.
There is an open door to the Entrance Hall (Safe) here.
You open the huge gate.
A frilled lizard and 3 vampire mosquitoes come into view.
The vampire mosquito buzzes angrily. x2
There's a creature in the gateway!
A red film seems to cover your vision as you go berserk!
You feel yourself moving faster!
You feel mighty!
The frilled lizard hisses angrily.
The vampire mosquito closely misses you.
You closely miss the vampire mosquito.
The vampire mosquito barely misses you. x2
You claw the vampire mosquito!
The vampire mosquito is heavily damaged.
The vampire mosquito bites you!
The vampire mosquito draws strength from your injuries!
You closely miss the vampire mosquito.
The vampire mosquito is lightly damaged.
The vampire mosquito bites you.
The vampire mosquito draws strength from your injuries!
The vampire mosquito bites you!
The vampire mosquito draws strength from your injuries!
The vampire mosquito closely misses you.
You mangle the vampire mosquito!!
The vampire mosquito is severely damaged.
The vampire mosquito bites you but does no damage. x3
Unknown command.
You mangle the vampire mosquito!!
You destroy the vampire mosquito!
Trog accepts your kill. The vampire mosquito bites you!
* * * LOW HITPOINT WARNING * * *
The vampire mosquito draws strength from your injuries!
The vampire mosquito bites you.
* * * LOW HITPOINT WARNING * * *
The vampire mosquito draws strength from your injuries!
The vampire mosquito bites you.
You die...

##########++######
#................#
#......#..#......#
#................+
+................+
#......#..#......#
#.........@y.....#
####'#####ly######
#.......##''#
#.......##...
#.......##....
#...<...##...##
#.......##..##
#.......##..#
#.......#


You could see 2 vampire mosquitoes and a frilled lizard.

Vanquished Creatures
  A vampire mosquito (D)
1 creature vanquished.

Notes
Turn   | Place    | Note
-------+----------+-------------------------------------------
     0 | D        | sircluck the Troll Berserker began the quest for the Orb.
     0 | D        | Reached XP level 1. HP: 22/22 MP: 0/0
    11 | D        | Noticed a vampire mosquito
    11 | D        | Noticed a vampire mosquito
    11 | D        | Noticed a vampire mosquito
    17 | D        | Killed a vampire mosquito
    17 | D        | HP: 1/33 [vampire mosquito (3)]
    17 | D        | Slain by a vampire mosquito

Illustrated notes

Levels and vault maps discovered:
D:        pitsprint [storerooms_1, entrance_room_1, metal_vault_6, armoury_3,
          mini_pit_1, grid_room_1, main_hall_1, silver_pit, the_coven_3,
          the_vestibule_1, steel_vault_1, golden_pit, hallway_of_sentries,
          crystal_vault_2, iron_vault_2, final_vault]

Action                     || total
---------------------------++-------
  Melee: Unarmed           ||     5
 Invoke: Berserk           ||     1
 Armour: Animal skin       ||     3
  Dodge: Dodged            ||     4

Table legend: (Time is in decaauts)
 A = Elapsed time spent in this place.
 B = Non-inter-level travel time spent in this place.
 C = Inter-level travel time spent in this place.
 D = Time resting spent in this place.
 E = Time spent auto-exploring this place.
 F = Levels seen in this place.
 G = Mean time per level.
                   A        B        C        D        E       F      G
               +--------+--------+--------+--------+--------+-----+--------+
         Total |     15 |     15 |      0 |      0 |     11 |   1 |   15.0 |
       Dungeon |     15 |     15 |      0 |      0 |     11 |   1 |   15.0 |
               +--------+--------+--------+--------+--------+-----+--------+

Top non-repeatable levels by time:
       D: 15 daAuts
